 Dungeon Crawl Stone Soup version 0.21.1-1-g345015fe64 (webtiles) character file.

1117 Lentor the Slasher (level 8, -6/91 HPs)
             Began as a Demonspawn Berserker on June 11, 2018.
             Was a Priest of Trog.
             Mangled by an orc warrior
             ... wielding a +0 mace
              (13 damage)
             ... on level 6 of the Dungeon.
             The game lasted 00:15:09 (5813 turns).

Lentor the Slasher (Demonspawn Berserker)           Turns: 5813, Time: 00:15:10

Health: -6/91      AC: 11    Str: 25    XL:     8   Next: 12%
Magic:  8/8        EV:  8    Int:  9    God:    Trog [***...]
Gold:   253        SH:  0    Dex: 12    Spells: 7/7 levels left

rFire    . . .     SeeInvis .   a - +0 falchion
rCold    . . .     Gourm    +   (no shield)
rNeg     + . .     Faith    .   r - +0 chain mail
rPois    .         Spirit   .   v - +0 hat
rElec    .         Reflect  .   (no cloak)
rCorr    +         Harm     .   b - +0 pair of gloves
MR       .....                  (no boots)
Stlth    ..........             s - amulet of the gourmand
HPRegen  0.25/turn              k - ring of positive energy
MPRegen  0.11/turn              p - ring of resist corrosion

@: berserking, heavily drained, very quick
A: talons 1, slimy green scales 1, mutation resistance 1, powered by death 2
a: Berserk, Trog's Hand, Burn Spellbooks, Renounce Religion


You were on level 6 of the Dungeon.
You worshipped Trog.
Trog was most pleased with you.
You were near starving.

You visited 2 branches of the dungeon, and saw 7 of its levels.

You collected 253 gold pieces.

Inventory:

Hand Weapons
 a - a +0 falchion (weapon)
Missiles
 h - 5 javelins (quivered)
Armour
 b - a +0 pair of gloves (worn)
 r - a +0 chain mail (worn)
 v - a +0 hat (worn)
Jewellery
 k - a ring of positive energy (left hand)
 p - a ring of resist corrosion (right hand)
 s - an amulet of the gourmand (around neck)
Scrolls
 d - 7 scrolls of identify
 e - 3 scrolls of teleportation
 f - a scroll of noise {unknown}
 g - a scroll of remove curse
 w - a scroll of magic mapping {unknown}
Potions
 i - 3 potions of resistance
 j - a potion of curing
 l - a potion of berserk rage
 m - a potion of heal wounds
 n - 2 potions of lignification
 o - 2 potions of magic {unknown}
 q - a potion of brilliance
 t - 2 potions of invisibility {unknown}
 u - a potion of haste {unknown}
 x - a potion of might {unknown}
Comestibles
 c - 5 rations


   Skills:
 + Level 4.9(2.4) Fighting
 + Level 6.3(3.7) Long Blades
 + Level 4.3(1.8) Armour
 + Level 3.7(1.3) Dodging
 + Level 1.4(0.0) Stealth


You had 7 spell levels left.
You didn't know any spells.

Dungeon Overview and Level Annotations

Branches:
Dungeon (6/15)             Temple (1/1) D:4

Altars:
Ashenzari
Cheibriados
Dithmenos
Elyvilon
Fedhas
Gozag
Hepliaklqana
Kikubaaqudgha
Makhleb
Nemelex Xobeh
Okawaru
Qazlal
Ru
Sif Muna
Trog
Vehumet
Wu Jian
Xom
Yredelemnul
Zin
The Shining One

Annotations:
D:5 exclusion: downstairs
D:6 mass2k's ghost, novice SpEn


Innate Abilities, Weirdness & Mutations

You are partially covered in slimy green scales. (AC +2)
You regenerate health from kills.
You have sharp toenails.
You are somewhat resistant to further mutation.


Message History

* * * LOW HITPOINT WARNING * * *
The orc hits you.
* * * LOW HITPOINT WARNING * * *
A red film seems to cover your vision as you go berserk!
You feel yourself moving faster!
You feel mighty!
You are near starving!
The orc warrior hits you but does no damage.
The orc hits you but does no damage.
You hit the orc warrior but do no damage.
The orc warrior is moderately wounded.
The orc warrior hits you with a mace!
* * * LOW HITPOINT WARNING * * *
You hit the orc warrior. Your kick misses the orc warrior.
The orc warrior is heavily wounded.
The orc hits you but does no damage.
You hit the orc warrior.
The orc warrior is severely wounded.
The orc barely misses you.
You riposte.
You closely miss the orc. Your kick misses the orc.
The orc warrior hits you with a mace!
You die...

..# ..# ...
#.### #...####
#...... #oo.#
#@..# #)..#
#...# #...#
#####...#
#.......#
#.###..##
#......#
#######.###.##


You could see an orc warrior and an orc.

Vanquished Creatures
  Sigmund (D:2)
  A phantom (D:4)
  2 sky beasts (D:5)
  An ice beast (D:5)
  A scorpion (D:4)
  2 howler monkeys (D:5)
  3 crimson imps
  Crazy Yiuf (D:5)
  2 hounds (D:5)
  An orc wizard (D:6)
  2 iguanas
  A worker ant (D:5)
  A worker ant zombie (D:5)
  6 adders
  An ooze (D:6)
  An adder skeleton (D:4)
  6 worms
  4 dart slugs
  2 leopard geckos
  5 orcs
  6 bats
  5 giant cockroaches
  12 goblins
  5 hobgoblins
  3 jackals (D:5)
  10 kobolds
  A quokka (D:3)
  A ball python (D:1)
  6 frilled lizards
  3 quokka skeletons
  9 rats
105 creatures vanquished.

Vanquished Creatures (others)
  An ogre (D:5)
  A worker ant (D:5)
  2 adders (D:5)
4 creatures vanquished.

Grand Total: 109 creatures vanquished

Notes
Turn   | Place    | Note
-------+----------+-------------------------------------------
     0 | D:1      | Lentor the Demonspawn Berserker began the quest for the Orb.
     0 | D:1      | Reached XP level 1. HP: 18/18 MP: 1/1
   158 | D:1      | Gained mutation: You are partially covered in slimy green scales. (AC +2) [demonic ancestry]
   158 | D:1      | Reached XP level 2. HP: 24/24 MP: 2/2
   192 | D:1      | Reached skill level 3 in Long Blades
   779 | D:1      | Reached ** piety under Trog
   779 | D:1      | Gained mutation: You regenerate a little health from kills. [demonic ancestry]
   779 | D:1      | Reached XP level 3. HP: 29/29 MP: 3/3
   930 | D:2      | Noticed Sigmund
   944 | D:2      | Killed Sigmund
   944 | D:2      | Reached skill level 4 in Long Blades
   944 | D:2      | Reached XP level 4. HP: 37/37 MP: 4/4
   944 | D:2      | Reached XP level 5. HP: 42/42 MP: 5/5
  1470 | D:2      | Reached XP level 6. HP: 48/48 MP: 6/6
  1772 | D:3      | Reached skill level 1 in Stealth
  2245 | D:3      | Reached *** piety under Trog
  2602 | D:4      | Gained mutation: You have an increased reservoir of magic. (+10% MP) [potion of mutation]
  2602 | D:4      | Gained mutation: Your muscles are strong. (Str +2) [potion of mutation]
  2603 | D:4      | Lost mutation: Your muscles are strong. (Str +2) [potion of mutation]
  2603 | D:4      | Gained mutation: You occasionally shout uncontrollably at your foes. [potion of mutation]
  2603 | D:4      | Gained mutation: You evolve. [potion of mutation]
  2603 | D:4      | Gained mutation: Your muscles are strong. (Str +2) [potion of mutation]
  2911 | D:4      | Found a staircase to the Ecumenical Temple.
  2920 | Temple   | Entered the Ecumenical Temple
  3392 | D:4      | Lost mutation: You have an increased reservoir of magic. (+10% MP) [evolution]
  3456 | D:4      | Reached skill level 5 in Long Blades
  3778 | D:4      | Gained mutation: You regenerate health from kills. [demonic ancestry]
  3778 | D:4      | Reached XP level 7. HP: 55/55 MP: 7/7
  4112 | D:5      | Entered Level 5 of the Dungeon
  4196 | D:5      | Lost mutation: You occasionally shout uncontrollably at your foes. [potion of mutation]
  4196 | D:5      | Lost mutation: You evolve. [potion of mutation]
  4196 | D:5      | Lost mutation: Your muscles are strong. (Str +2) [potion of mutation]
  4196 | D:5      | Gained mutation: You are somewhat resistant to further mutation. [potion of mutation]
  4196 | D:5      | Gained mutation: You have sharp toenails. [potion of mutation]
  4367 | D:5      | Found a shimmering altar of Xom.
  4783 | D:5      | Reached skill level 6 in Long Blades
  4933 | D:5      | Reached XP level 8. HP: 58/61 MP: 8/8
  5034 | D:5      | Found a runed door.
  5443 | D:5      | Noticed Crazy Yiuf
  5446 | D:5      | Killed Crazy Yiuf
  5527 | D:6      | Noticed mass2k's ghost (novice SpEn)
  5813 | D:6      | Mangled by an orc warrior

Skill      XL: |  1  2  3  4  5  6  7 |
---------------+----------------------+-----
Long Blades    | 3 4 5 6 |  6.3
Dodging        | 2 3 |  3.7
Fighting       | 4 |  4.9
Armour         | 2 3 4 |  4.3
Stealth        | 1 |  1.4

Action                   |  1- 3 |  4- 6 |  7- 9 || total
-------------------------+-------+-------+-------++-------
Melee: Falchion          |    82 |   302 |   153 ||   537
       Kick              |       |       |    31 ||    31
Invok: Berserk           |     1 |     3 |     6 ||    10
  Use: Scroll            |       |    10 |       ||    10
       Potion            |       |     2 |     1 ||     3
  Eat: Chunk             |       |     8 |     4 ||    12
       Ration            |       |     2 |     2 ||     4
Armor: Leather armour    |    29 |    61 |       ||    90
       Chain mail        |       |    53 |    90 ||   143
Dodge: Dodged            |    47 |   175 |    65 ||   287
       Rpst.: Falchion   |    11 |    54 |    24 ||    89
